 Dungeon Crawl Stone Soup version 0.18-a0-270-ga9d907f (console) character file.

370894 endege the Executioner (level 22, -8/205 HPs)
             Began as a Gargoyle Berserker on Nov 26, 2015.
             Was a High Priest of Trog.
             Mangled by a white very ugly thing (14 damage)
             ... on level 4 of the Depths.
             The game lasted 01:00:59 (45308 turns).

endege the Executioner (Gargoyle Berserker)        Turns: 45308, Time: 01:01:00

Health: -8/205     AC: 51    Str: 31    XL:     22   Next: 66%
Magic:  17/22      EV: 18    Int:  9    God:    Trog [*****.]
Gold:   1171       SH:  0    Dex: 16    Spells: 0 memorised, 21 levels left

rFire  . . .     SeeInvis +     Y - +4 exec axe {chop, rC+ Str+3}
rCold  + . .     Clarity  .     y - +8 chain mail "Panwo" {rPois MR+}
rNeg   + . .     SustAt   .     (shield currently unavailable)
rPois  ∞         Gourm    .     A - +2 helmet
rElec  +         Spirit   .     E - +2 cloak
rCorr  .         Warding  .     F - +2 pair of gloves
rMut   .         Stasis   .     (no boots)
MR     ++...                    b - amulet of faith
Stlth  ..........               d - +3 ring of protection
                                H - ring of see invisible

@: berserking, flying, very quick, very resistant to hostile enchantments,
extremely unstealthy
A: big wings, negative energy resistance 1, electricity resistance, unbreathing,
petrification resistance, rot immunity, AC +16
a: Stop Flying, Berserk, Trog's Hand, Brothers in Arms, Burn Spellbooks,
Renounce Religion
}: 2/15 runes: decaying, serpentine


You were on level 4 of the Depths.
You worshipped Trog.
Trog was extremely pleased with you.
You were very hungry.

You visited 7 branches of the dungeon, and saw 43 of its levels.
You visited the Abyss 1 time.

You collected 4418 gold pieces.
You spent 3247 gold pieces at shops.


Innate Abilities, Weirdness & Mutations

You are resistant to torment.
Your stone body is resilient (AC +16).
You are immune to poison.
Your large and strong wings let you fly indefinitely.
You resist negative energy.
You are resistant to electric shocks.
You can survive without breathing.
You are immune to petrification.
You are immune to rotting.


   Skills:
 - Level 14.3 Fighting
 - Level 26.0 Axes
 + Level 14.0 Armour
 - Level 14.3 Dodging


You had 21 spell levels left.
You didn't know any spells.

Inventory:

Hand Weapons
 z - a +7 antimagic battleaxe
 Y - the +4 executioner's axe "Doublool" (weapon) {chop, rC+ Str+3}
   (Trog gifted it to you on level 4 of the Snake Pit)

   It inflicts extra damage upon your enemies.
   It affects your strength (+3).
   It protects you from cold.
Armour
 h - a fire dragon hide
 k - a +2 plate armour of fire resistance
 y - the +8 chain mail "Panwo" (worn) {rPois MR+}
   (You bought it in a shop on level 3 of the Orcish Mines)

   It protects you from poison.
   It affects your resistance to hostile enchantments.
 A - a +2 helmet (worn)
 E - a +2 cloak (worn)
 F - a +2 pair of gloves (worn)
Jewellery
 b - an amulet of faith (around neck)
 d - a +3 ring of protection (right hand)
 j - an uncursed ring of protection from fire
 w - a +3 ring of evasion
 H - a ring of see invisible (left hand)
Wands
 o - a wand of digging (14)
 u - a wand of teleportation (7)
Scrolls
 c - 3 scrolls of enchant weapon
 l - 11 scrolls of identify
 q - 12 scrolls of remove curse
 t - a scroll of enchant armour
 x - 3 scrolls of holy word
 G - 5 scrolls of teleportation
Potions
 i - 2 potions of haste
 m - 2 potions of cure mutation
 n - 4 potions of heal wounds
 p - 18 potions of curing
 B - 5 potions of might
Comestibles
 e - 11 fruits
 f - 5 royal jellies
 g - 8 slices of pizza
 r - 9 beef jerkies
 v - 15 bread rations
 C - 20 meat rations

Dungeon Overview and Level Annotations

Branches:
Dungeon (15/15)            Temple (0/1) D:7            Lair (8/8) D:11
  Swamp (4/4) Lair:4        Snake (4/4) Lair:5        Slime (0/6) Lair:8
    Orc (4/4) D:12            Elf (0/3) Orc:3        Vaults (4/5) D:13
  Crypt (0/3) Vaults:3     Depths (4/5) D:15

Altars:
Ashenzari
Cheibriados
Dithmenos
Elyvilon
Fedhas
Gozag
Kikubaaqudgha
Ru
Sif Muna
Trog
Vehumet
Xom
The Shining One

Shops:
D:9 [   Orc:3 [   Orc:4 [}:}   Snake:1 [   Vaults:3 (*%!   Depths:2 (

Portals:
Hell: Depths:1 Depths:2 Depths:3 Depths:4
Abyss: Depths:2 Depths:3
Pandemonium: Depths:3
Trove: Vaults:4 (give 4 scrolls of blinking)


Message History

You slice the white very ugly thing!!
The white very ugly thing is moderately wounded.
Your deep troll bites the white ugly thing!!
Your deep troll claws the white ugly thing!
Your deep troll claws the white ugly thing!!
The yaktaur unwields an uncursed arbalest.
The yaktaur hits your deep troll.
The yaktaur shoots a bolt of flame.
The bolt of flame hits your deep troll!!
The bolt of flame burns your deep troll.
You slice the white very ugly thing!!
The white very ugly thing is heavily wounded.
The white ugly thing engulfs your deep troll!
The white ugly thing freezes your deep troll!!
Your deep troll dies!
Your deep troll's corpse disappears in a puff of smoke!
The white ugly thing gurgles horribly!
You slice the white very ugly thing!!
The white very ugly thing is almost dead.
The white very ugly thing kicks you!
You die...

......#.# .# ......#.#
.# ......#.###.#####
.................
.................
.?.....).........
......%$#........
.........%()..c.....
.......####()@¤c.....
#.........# #.#u%u.....
#.........####.#........
#........:.....###Q.....
#.............## #.....
..............# ..._.
..............# ....
..(.....~~~#### ....
....[...~~~~##
..(.....~~~~~####
...)............#


You could see a white very ugly thing, a white ugly thing, a tengu warrior and 2
yaktaurs.

Vanquished Creatures
  A juggernaut (Depths:2)
  A golden dragon (Depths:2)
  Nikola (Depths:2)
  Xtahua (Depths:3)
  A bone dragon (Abyss:1)
  Jorgrun (Depths:3)
  2 tentacled monstrosities
  A lich (Depths:4)
  A sphinx (Vaults:4)
  A thorn hunter (Swamp:4)
  Kirke (D:12)
  A tentacled starspawn (Abyss:1)
  A tengu reaver (Vaults:4)
  A shadow dragon (Depths:2)
  12 greater nagas (Snake:4)
  A deep elf sorcerer (Vaults:4)
  3 frost giants
  6 vault wardens
  Aizul (Depths:2)
  Louise (D:15)
  14 ironheart preservers
  A salamander stormcaller (Vaults:2)
  9 stone giants
  9 very ugly things
  A deep elf annihilator (Vaults:4)
  Azrael (D:13)
  20 spark wasps
  A blizzard demon (Depths:3)
  2 ettins
  8 fire dragons
  A deep elf death mage (Vaults:4)
  2 yaktaur captains
  2 rakshasas
  8 vault guards
  2 great orbs of eyes
  18 ogre magi
  An entropy weaver (Depths:3)
  6 ice dragons
  A hell beast (Depths:3)
  22 hydras
  12 naga warriors
  7 centaur warriors
  8 anacondas
  An iron giant zombie (Depths:3)
  3 ghost crabs
  Erica (Lair:1)
  2 death knights (Vaults:3)
  5 alligators
  7 death yaks (Lair:8)
  3 tengu warriors (D:14)
  3 deep troll shamans (Depths:4)
  13 naga sharpshooters
  An orc high priest (Orc:3)
  A titan zombie (Depths:3)
  Urug (Lair:2)
  3 fire crabs
  3 deep troll earth magi
  A deep elf knight (Vaults:2)
  A storm dragon zombie (Depths:3)
  11 shock serpents
  5 unseen horrors
  A spark wasp zombie (Depths:4)
  7 skeletal warriors
  11 sea snakes
  7 swamp dragons (Swamp:4)
  2 giant orange brains
  10 wizards
  17 deep trolls
  A deep elf summoner (Vaults:2)
  2 shambling mangroves (Swamp:4)
  8 naga ritualists
  A giant orange brain (shapeshifter) (Depths:4)
  A wolf spider zombie (D:15)
  8 hill giants
  14 orc knights
  A torturous demonspawn (Depths:3)
  7 wolf spiders
  4 lindwurms (Lair:5)
  8 griffons
  16 mana vipers
  2 orc sorcerers
  2 necromancers
  39 black mambas
  48 ugly things
  2 manticores
  A griffon (shapeshifter) (Vaults:4)
  11 ironbrand convokers
  3 hornets
  4 elephants
  4 cyclopes
  8 vault sentinels
  2 centaur zombies (D:15)
  12 salamanders
  A worldbinder (Abyss:1)
  Joseph (Lair:1)
  2 rust devils
  A sixfirhy (Depths:3)
  2 torpor snails
  21 naga magi
  2 orange demons (Depths:3)
  A gargoyle (D:14)
  7 guardian serpents
  28 spiny frogs
  A yaktaur zombie (Vaults:2)
  A human zombie (Vaults:2)
  11 komodo dragons
  2 kobold demonologists (Vaults:2)
  A fire drake (Lair:6)
  25 yaktaurs
  A hellwing (Abyss:1)
  An ancient zyme (Abyss:1)
  A queen bee (shapeshifter) (Vaults:1)
  A deep elf priest (Vaults:3)
  An ice devil (Depths:3)
  4 freezing wraiths
  A red devil (Depths:3)
  2 polar bears (Lair:6)
  A large abomination (Abyss:1)
  An iron dragon simulacrum (Depths:4)
  4 tengu conjurers
  37 two-headed ogres
  9 giant leeches
  8 trolls
  A merfolk (D:11)
  A two-headed ogre (shapeshifter) (Vaults:1)
  A shadow dragon simulacrum (Depths:3)
  30 slime creatures
  7 bog bodies
  3 boulder beetles
  A raiju (shapeshifter) (D:13)
  5 raiju (Abyss:1)
  23 blink frogs
  3 redbacks (Depths:3)
  2 shadows
  2 wraiths
  8 spriggans
  5 starcursed masses (Abyss:1)
  2 wyverns
  A trapdoor spider (shapeshifter) (Vaults:4)
  2 tarantellas (shapeshifter)
  9 deep elf magi
  15 hippogriffs
  A hippogriff (shapeshifter) (Depths:3)
  2 ynoxinuls (Abyss:1)
  Eustachio (D:5)
  A fire elemental (D:13)
  11 deep elf fighters
  7 basilisks
  39 yaks
  4 humans
  A soldier ant (shapeshifter) (D:15)
  3 hogs (D:12)
  14 wolves
  3 hungry ghosts
  50 nagas
  A soldier ant (D:11)
  An insubstantial wisp (Swamp:2)
  2 steam dragons
  5 wargs
  2 mottled dragons
  A yaktaur simulacrum (Vaults:2)
  18 swamp worms
  4 hell hounds (D:13)
  43 vampire mosquitoes
  14 water moccasins
  10 porcupines
  2 necrophages
  An ice beast (D:5)
  14 swamp drakes
  12 wasps
  4 sky beasts
  34 orc warriors
  An eye of draining (D:11)
  18 crocodiles
  A black bear (D:11)
  68 ogres
  30 centaurs
  10 boggarts
  An elf simulacrum (Depths:3)
  38 giant frogs
  A water moccasin zombie (D:9)
  A wyvern skeleton (D:12)
  16 jellies
  3 scorpions
  A human simulacrum (Vaults:2)
  16 wights
  A small abomination (Abyss:1)
  12 electric eels
  2 quasits
  11 crimson imps
  17 orc priests
  2 iron imps (Abyss:1)
  2 giant frog zombies
  18 iguanas
  4 centaur skeletons
  8 hounds
  2 giant frog skeletons
  A gnoll shaman (D:8)
  23 orc wizards
  10 worker ants
  14 sheep
  60 river rats
  12 gnolls
  16 adders
  A worker ant zombie (D:8)
  A shadow imp (D:15)
  14 white imps
  2 oozes (Lair:8)
  2 worms (D:3)
  5 adder skeletons
  2 adder zombies
  A giant gecko (D:3)
  141 orcs
  6 bats
  2 giant cockroaches
  5 goblins (D:1)
  7 hobgoblins
  12 jackals
  6 kobolds
  8 giant newts
  A quokka (D:2)
  A quokka skeleton (D:7)
  8 rats
  2 fire vortices (Vaults:2)
  7 fungi
  18 plants
  2 starspawn tentacles (Abyss:1)
1803 creatures vanquished.

Vanquished Creatures (collateral kills)
  The ghost of Duffy the Convoker, an adept MfSu of Sif Muna (Depths:1)
  Rupert (Lair:3)
  A stone giant (Depths:4)
  A very ugly thing (Depths:4)
  Nessos (D:15)
  A spark wasp (Depths:4)
  An ettin (Depths:4)
  A fire dragon (Depths:4)
  The ghost of WereVolvo the Quickloader, a journeyman KoHu of Okawaru (Lair:1)
  5 hydras
  An ice dragon (Depths:4)
  A deep troll earth mage (Depths:4)
  A tengu warrior (Depths:4)
  A centaur warrior (D:15)
  A death yak (Lair:8)
  2 deep troll shamans
  An iron troll (Depths:4)
  Sonja (Lair:3)
  A naga sharpshooter (Snake:4)
  4 deep trolls
  A necromancer (Depths:4)
  A sphinx zombie (Depths:4)
  2 ugly things (Depths:4)
  2 naga magi (Snake:4)
  2 spiny frogs (Lair:8)
  3 blink frogs (Lair:8)
  A slime creature (Depths:4)
  A vampire mosquito (D:15)
  A naga (Snake:4)
  A water moccasin (Lair:4)
  2 boggarts (D:12)
  A centaur (Lair:1)
  An ogre (Depths:4)
  A crocodile (Lair:6)
  A giant frog (Lair:3)
  3 river rats (Lair:7)
  A plant (Lair:8)
53 creatures vanquished.

Vanquished Creatures (others)
  A deep troll earth mage (Depths:4)
  2 spriggan druids (Swamp:4)
  A black mamba (Snake:4)
  A spiny frog (Swamp:3)
  A giant leech (Swamp:4)
  A spriggan (Swamp:4)
  A wasp (Swamp:4)
  A worker ant (D:4)
  2 briar patches (Swamp:4)
  8 fungi
  17 plants
  21 starspawn tentacle segments (Abyss:1)
57 creatures vanquished.

Grand Total: 1913 creatures vanquished

Notes
Turn   | Place    | Note
--------------------------------------------------------------
     0 | D:1      | endege the Gargoyle Berserker began the quest for the Orb.
     0 | D:1      | Reached XP level 1. HP: 14/14 MP: 1/1
     0 | D:1      | 0 ||| counter = 13
   142 | D:1      | 142 ||| INVOKING Berserk.
   206 | D:1      | Reached skill level 3 in Axes
   290 | D:1      | Reached XP level 2. HP: 19/19 MP: 2/2
   971 | D:1      | Reached ** piety under Trog
  1014 | D:1      | Reached XP level 3. HP: 23/23 MP: 3/3
  1114 | D:1      | 1114 ||| UPGRADING to chain mail.
  1124 | D:1      | 1124 ||| DROPPING +0 animal skin.
  1125 | D:1      | 1125 ||| READING scroll labeled SESMEDEETA.
  1126 | D:1      | 1126 ||| READING scroll labeled WODWOTW CEUMYIFAOX.
  1140 | D:2      | 1140 ||| STAIRDANCE
  1145 | D:2      | 1145 ||| STAIRDANCE
  1254 | D:2      | Reached skill level 4 in Axes
  1309 | D:2      | Reached XP level 4. HP: 20/28 MP: 4/4
  1679 | D:2      | 1679 ||| READING scroll labeled TOADA FARCHIVUZI.
  1680 | D:2      | 1680 ||| READING scroll labeled FITOUB MEONARR.
  1681 | D:2      | 1681 ||| READING scroll labeled LEJEAC ROQEXZE.
  1682 | D:2      | 1682 ||| READING 2 scrolls labeled HEFOOM ODETT.
  1821 | D:3      | Reached *** piety under Trog
  1821 | D:3      | Reached skill level 5 in Axes
  1890 | D:3      | Reached XP level 5. HP: 32/32 MP: 5/5
  2164 | D:3      | 2164 ||| UPGRADING to runed helmet.
  2169 | D:3      | 2169 ||| READING scroll labeled ZAROAN JYUNKEDOEK.
  2470 | D:4      | Found a radiant altar of Vehumet.
  2567 | D:4      | 2567 ||| INVOKING Berserk.
  2569 | D:4      | Reached skill level 6 in Axes
  2569 | D:4      | Reached XP level 6. HP: 24/37 MP: 6/6
  2705 | D:4      | 2705 ||| EATING 2 royal jellies.
  2718 | D:4      | Found a snail-covered altar of Cheibriados.
  3250 | D:4      | 3250 ||| READING 2 scrolls labeled YKHUIFFERO.
  3251 | D:4      | 3251 ||| READING scroll of identify.
  3251 | D:4      | 3251 ||| IDENTIFYING sapphire ring
  3252 | D:4      | 3252 ||| UPGRADING to ring of protection from fire.
  3253 | D:4      | 3253 ||| DROPPING wand of frost.
  3282 | D:5      | Entered Level 5 of the Dungeon
  3283 | D:5      | 3283 ||| STAIRDANCE
  3305 | D:5      | 3305 ||| STAIRDANCE
  3465 | D:5      | 3465 ||| INVOKING Berserk.
  3469 | D:5      | Reached XP level 7. HP: 35/41 MP: 7/7
  3469 | D:5      | Reached skill level 3 in Armour
  3482 | D:5      | Reached skill level 7 in Axes
  3938 | D:5      | Noticed a hill giant
  3942 | D:5      | 3942 ||| INVOKING Berserk.
  3952 | D:5      | Killed a hill giant
  3952 | D:5      | Reached skill level 8 in Axes
  3952 | D:5      | Reached XP level 8. HP: 24/48 MP: 8/8
  4111 | D:5      | 4111 ||| EATING royal jelly.
  4147 | D:5      | Reached skill level 9 in Axes
  4152 | D:5      | Found a bloodstained altar of Trog.
  4152 | D:5      | Noticed Eustachio
  4202 | D:5      | Killed Eustachio
  4293 | D:5      | 4293 ||| INVOKING Berserk.
  4574 | D:5      | Reached **** piety under Trog
  4692 | D:5      | 4692 ||| READING scroll labeled AKETUA WUINYCA.
  4693 | D:5      | 4693 ||| READING scroll labeled XEFEGE HIMYWUT.
  4694 | D:5      | 4694 ||| READING scroll labeled GYL ILIETHAO.
  4695 | D:5      | 4695 ||| DRINKING 2 lumpy green potions.
  4696 | D:5      | 4696 ||| READING scroll of identify.
  4696 | D:5      | 4696 ||| IDENTIFYING runed diamond ring
  4697 | D:5      | 4697 ||| UPGRADING to +3 ring of dexterity.
  4698 | D:5      | 4698 ||| DROPPING potion of poison.
  5016 | D:6      | Reached XP level 9. HP: 49/54 MP: 9/9
  5045 | D:6      | 5045 ||| INVOKING Berserk.
  5239 | D:6      | 5239 ||| READING scroll of enchant weapon.
  5239 | D:6      | 5239 ||| ENCHANTING +1 hand axe.
  5275 | D:6      | Reached skill level 10 in Axes
  5505 | D:6      | 5505 ||| UPGRADING to pair of gloves.
  5510 | D:6      | 5510 ||| READING 3 scrolls of remove curse.
  5511 | D:6      | 5511 ||| UPGRADING to dented pearl amulet.
  5512 | D:6      | 5512 ||| REMOVING amulet of stasis.
  5513 | D:6      | 5513 ||| DROPPING amulet of stasis.
  5514 | D:6      | 5514 ||| UPGRADING to moonstone ring.
  5516 | D:6      | 5516 ||| READING 2 scrolls of remove curse.
  5517 | D:6      | 5517 ||| UPGRADING to ring of protection from fire.
  5519 | D:6      | 5519 ||| UPGRADING to +5 ring of strength.
  5521 | D:6      | 5521 ||| READING scroll of identify.
  5521 | D:6      | 5521 ||| IDENTIFYING notched pearl ring
  5890 | D:7      | Found an ancient bone altar of Kikubaaqudgha.
  5914 | D:7      | Found a staircase to the Ecumenical Temple.
  6217 | D:7      | 6217 ||| UPGRADING to glowing ring mail.
  6227 | D:7      | 6227 ||| UPGRADING to +0 chain mail.
  6237 | D:7      | 6237 ||| DROPPING +0 ring mail of fire resistance.
  6238 | D:7      | 6238 ||| DRINKING 2 fuming purple potions.
  6239 | D:7      | 6239 ||| DRINKING 2 viscous puce potions.
  6240 | D:7      | 6240 ||| DROPPING wand of confusion.
  6241 | D:7      | 6241 ||| DROPPING potion of flight.
  6242 | D:7      | 6242 ||| DROPPING wand of slowing.
  6489 | D:8      | 6489 ||| INVOKING Berserk.
  6584 | D:8      | Reached skill level 11 in Axes
  6640 | D:8      | Found a shattered altar of Ashenzari.
  6641 | D:8      | Found a glowing golden altar of the Shining One.
  6642 | D:8      | 6642 ||| INVOKING Berserk.
  6801 | D:8      | Reached XP level 10. HP: 60/60 MP: 10/10
  6802 | D:8      | Reached ***** piety under Trog
  6836 | D:8      | 6836 ||| INVOKING Berserk.
  6839 | D:8      | Reached skill level 6 in Fighting
  7104 | D:8      | Got a distressingly furry scale mail
  7148 | D:8      | 7148 ||| EATING 4 bread rations.
  7217 | D:8      | Found a deep blue altar of Sif Muna.
  7218 | D:8      | Found an opulent altar of Gozag.
  7224 | D:8      | 7224 ||| EATING royal jelly.
  7308 | D:8      | 7308 ||| UPGRADING to distressingly furry scale mail.
  7318 | D:8      | Identified the +6 scale mail of Ucveliru {rC+ rN+} (You found it on level 8 of the Dungeon)
  7318 | D:8      | 7318 ||| DROPPING +0 chain mail.
  7319 | D:8      | 7319 ||| READING scroll labeled WILAREXTAOWE.
  7320 | D:8      | 7320 ||| DROPPING wand of enslavement.
  7321 | D:8      | 7321 ||| DROPPING wand of lightning.
  7339 | D:9      | 7339 ||| STAIRDANCE
  7348 | D:8      | Reached skill level 12 in Axes
  7576 | D:9      | Found Apuen's Antique Armour Emporium.
  7580 | D:9      | 7580 ||| UPGRADING to battleaxe.
  7581 | D:9      | 7581 ||| DROPPING +2 hand axe.
  7589 | D:9      | 7589 ||| INVOKING Berserk.
  7590 | D:9      | Received a gift from Trog
  7639 | D:9      | 7639 ||| UPGRADING to runed executioner's axe {god gift}.
  7640 | D:9      | 7640 ||| DROPPING +0 battleaxe.
  7644 | D:9      | Bought a dazzling cloak for 304 gold pieces
  7680 | D:9      | 7680 ||| READING scroll of enchant weapon.
  7680 | D:9      | 7680 ||| ENCHANTING +3 executioner's axe of venom.
  7692 | D:9      | Found a white marble altar of Elyvilon.
  7761 | D:9      | 7761 ||| INVOKING Berserk.
  7847 | D:9      | 7847 ||| INVOKING Berserk.
  7980 | D:9      | 7980 ||| INVOKING Berserk.
  8235 | D:9      | 8235 ||| UPGRADING to plate armour.
  8245 | D:9      | 8245 ||| UPGRADING to dazzling cloak.
  8250 | D:9      | Identified the +1 cloak of Weightlessness {rElec rPois rF- rN+} (You bought it in a shop on level 9 of the Dungeon)
  8250 | D:9      | 8250 ||| UPGRADING to +6 scale mail of Ucveliru {rC+ rN+}.
  8278 | D:10     | Entered Level 10 of the Dungeon
  8389 | D:10     | Reached skill level 13 in Axes
  8465 | D:10     | 8465 ||| INVOKING Berserk.
  8468 | D:10     | Reached XP level 11. HP: 66/66 MP: 11/11
  8609 | D:10     | You fall through a shaft!
  8610 | D:11     | 8610 ||| Shafted from D:10 to D:11.
  8611 | D:11     | 8611 ||| INVOKING Berserk.
  8755 | D:11     | 8755 ||| Stepping ~*~*~tactically~*~*~ (cloud).
  8757 | D:11     | 8757 ||| ZAPPING wand of teleportation.
  8760 | D:11     | Found a staircase to the Lair.
  8763 | D:11     | 8763 ||| INVOKING Berserk.
  8765 | D:11     | Reached skill level 14 in Axes
  8863 | D:11     | 8863 ||| INVOKING Berserk.
  8936 | D:11     | Found a labyrinth entrance.
  8971 | D:11     | Noticed an eight-headed hydra
  8977 | D:11     | 8977 ||| INVOKING Brothers in Arms.
  8978 | D:11     | 8978 ||| INVOKING Berserk.
  9060 | D:11     | 9060 ||| READING scroll of enchant armour.
  9060 | D:11     | 9060 ||| ENCHANTING +0 pair of gloves.
  9077 | D:11     | Found a frozen archway.
  9146 | D:11     | 9146 ||| INVOKING Berserk.
  9204 | D:11     | 9204 ||| EATING 2 fruits.
  9210 | D:10     | 9210 ||| Successfully unshafted to D:10.
  9315 | D:10     | Noticed a hill giant
  9320 | D:10     | 9320 ||| INVOKING Berserk.
  9322 | D:10     | Killed a hill giant
  9331 | D:10     | 9331 ||| EATING fruit.
  9753 | Lair:1   | Entered Level 1 of the Lair of Beasts
  9754 | Lair:1   | 9754 ||| Entered L.
  9803 | Lair:1   | 9803 ||| INVOKING Berserk.
  9843 | Lair:1   | 9843 ||| EATING 5 meat rations.
  9895 | Lair:1   | Noticed Joseph
  9913 | Lair:1   | 9913 ||| INVOKING Berserk.
  9925 | Lair:1   | 9925 ||| ZAPPING wand of teleportation {zapped: 2}.
  9927 | Lair:1   | You fall through a shaft!
  9928 | Lair:2   | 9928 ||| Shafted from Lair:1 to Lair:2.
 10087 | Lair:2   | Found a shadowy altar of Dithmenos.
 10136 | Lair:2   | 10136 ||| INVOKING Berserk.
 10138 | Lair:2   | Reached skill level 15 in Axes
 10189 | Lair:2   | 10189 ||| INVOKING Berserk.
 10271 | Lair:2   | 10271 ||| INVOKING Berserk.
 10283 | Lair:2   | Reached XP level 12. HP: 68/73 MP: 12/12
 10288 | Lair:2   | 10288 ||| ZAPPING wand of teleportation {zapped: 5}.
 10289 | Lair:2   | 10289 ||| READING 4 scrolls of teleportation.
 10449 | Lair:2   | 10449 ||| READING scroll of recharging.
 10449 | Lair:2   | 10449 ||| RECHARGING wand of teleportation {empty}.
 10450 | Lair:2   | Noticed a six-headed hydra
 10451 | Lair:2   | 10451 ||| INVOKING Brothers in Arms.
 10452 | Lair:2   | 10452 ||| INVOKING Berserk.
 10456 | Lair:2   | Killed a ten-headed hydra
 10461 | Lair:2   | 10461 ||| EATING 4 meat rations.
 10748 | Lair:1   | 10748 ||| Successfully unshafted to Lair:1.
 10798 | Lair:1   | 10798 ||| INVOKING Berserk.
 10808 | Lair:1   | Reached skill level 16 in Axes
 10815 | Lair:1   | Noticed Erica
 10819 | Lair:1   | 10819 ||| ZAPPING wand of teleportation {recharged}.
 10980 | Lair:1   | Killed Erica
 11003 | Lair:1   | Noticed WereVolvo's ghost (journeyman KoHu)
 11004 | Lair:1   | 11004 ||| INVOKING Brothers in Arms.
 11005 | Lair:1   | 11005 ||| INVOKING Berserk.
 11006 | Lair:1   | Killed WereVolvo's ghost
 11340 | Lair:1   | Killed Joseph
 11396 | Lair:1   | 11396 ||| Stepping ~*~*~tactically~*~*~ (water).
 11399 | Lair:1   | 11399 ||| Stepping ~*~*~tactically~*~*~ (water).
 11625 | Lair:1   | 11625 ||| READING 2 scrolls labeled DUIXUO TOMUA.
 11626 | Lair:1   | 11626 ||| DROPPING scroll of amnesia.
 11653 | Lair:2   | 11653 ||| STAIRDANCE
 11664 | Lair:2   | Noticed Urug
 11676 | Lair:2   | Killed Urug
 11906 | Lair:2   | 11906 ||| EATING 4 meat rations.
 11943 | Lair:2   | Reached skill level 17 in Axes
 12035 | Lair:2   | 12035 ||| INVOKING Berserk.
 12042 | Lair:2   | 12042 ||| Stepping ~*~*~tactically~*~*~ (cloud).
 12137 | Lair:2   | 12137 ||| READING scroll of enchant weapon.
 12137 | Lair:2   | 12137 ||| ENCHANTING +4 executioner's axe of venom.
 12475 | Lair:2   | 12475 ||| DRINKING 2 emerald potions.
 12476 | Lair:2   | 12476 ||| DRINKING 2 green potions.
 12503 | Lair:2   | 12503 ||| READING scroll of identify.
 12503 | Lair:2   | 12503 ||| IDENTIFYING wand of teleportation {zapped: 2}
 12504 | Lair:2   | 12504 ||| DROPPING wand of cold.
 12505 | Lair:2   | 12505 ||| DROPPING potion of brilliance.
 12506 | Lair:2   | 12506 ||| DROPPING potion of berserk rage.
 12530 | Lair:3   | 12530 ||| STAIRDANCE
 12537 | Lair:3   | 12537 ||| STAIRDANCE
 12542 | Lair:2   | Reached XP level 13. HP: 79/79 MP: 13/13
 12545 | Lair:3   | 12545 ||| STAIRDANCE
 12610 | Lair:3   | 12610 ||| STAIRDANCE
 12639 | Lair:3   | Noticed Sonja
 12640 | Lair:3   | 12640 ||| INVOKING Brothers in Arms.
 12644 | Lair:3   | 12644 ||| INVOKING Berserk.
 12647 | Lair:3   | Killed Sonja
 12729 | Lair:3   | Noticed Rupert
 12730 | Lair:3   | 12730 ||| INVOKING Trog's Hand.
 12731 | Lair:3   | 12731 ||| INVOKING Brothers in Arms.
 12732 | Lair:3   | 12732 ||| INVOKING Berserk.
 12735 | Lair:3   | Killed Rupert
 12735 | Lair:3   | Received a gift from Trog
 12780 | Lair:3   | 12780 ||| UPGRADING to runed battleaxe {god gift}.
 12781 | Lair:3   | 12781 ||| DROPPING +5 executioner's axe of venom.
 12938 | Lair:3   | 12938 ||| INVOKING Brothers in Arms.
 12941 | Lair:3   | 12941 ||| INVOKING Berserk.
 13258 | Lair:3   | 13258 ||| UPGRADING to dented bone amulet.
 13259 | Lair:3   | 13259 ||| UPGRADING to small granite ring.
 13261 | Lair:3   | 13261 ||| DROPPING ring of protection from magic.
 13262 | Lair:3   | 13262 ||| DROPPING +3 ring of dexterity.
 13263 | Lair:3   | 13263 ||| UPGRADING to pearl ring.
 13265 | Lair:3   | 13265 ||| READING 2 scrolls of remove curse.
 13266 | Lair:3   | 13266 ||| REMOVING ring of loudness.
 13267 | Lair:3   | 13267 ||| UPGRADING to ring of protection from fire.
 13268 | Lair:3   | 13268 ||| DROPPING ring of loudness.
 13269 | Lair:3   | 13269 ||| UPGRADING to +3 ring of protection.
 13271 | Lair:3   | 13271 ||| READING scroll labeled KUERPH SOFA.
 13272 | Lair:3   | 13272 ||| READING scroll of identify.
 13272 | Lair:3   | 13272 ||| IDENTIFYING ring of dexterity
 13273 | Lair:3   | 13273 ||| DROPPING +5 ring of strength.
 13452 | Lair:4   | 13452 ||| INVOKING Brothers in Arms.
 13456 | Lair:4   | 13456 ||| INVOKING Berserk.
 13625 | Lair:4   | Reached skill level 9 in Fighting
 14027 | Lair:4   | Found a staircase to the Swamp.
 14028 | Lair:4   | 14028 ||| INVOKING Berserk.
 14278 | Lair:4   | 14278 ||| UPGRADING to golden ring.
 14280 | Lair:4   | 14280 ||| UPGRADING to +6 ring of dexterity.
 14282 | Lair:4   | 14282 ||| UPGRADING to ring of protection from fire.
 14284 | Lair:4   | 14284 ||| READING scroll labeled WIPSITUK KIODI VOI.
 14285 | Lair:4   | 14285 ||| DRINKING 2 sedimented green potions.
 14286 | Lair:4   | 14286 ||| READING 2 scrolls of identify.
 14286 | Lair:4   | 14286 ||| IDENTIFYING black potion
 14287 | Lair:4   | 14287 ||| DROPPING potion of ambrosia.
 14288 | Lair:4   | 14288 ||| DROPPING potion of agility.
 14338 | Lair:5   | Reached skill level 18 in Axes
 14388 | Lair:5   | 14388 ||| INVOKING Brothers in Arms.
 14391 | Lair:5   | 14391 ||| INVOKING Berserk.
 14494 | Lair:5   | Found a staircase to the Snake Pit.
 14497 | Lair:5   | Cast into the Abyss (naga)
 14641 | Abyss:1  | Noticed a bone dragon
 14652 | Abyss:1  | 14652 ||| INVOKING Berserk.
 14658 | Abyss:1  | HP: 27/120 [bone dragon (6)]
 14663 | Abyss:1  | Killed a bone dragon
 14672 | Abyss:1  | 14672 ||| INVOKING Trog's Hand.
 14679 | Abyss:1  | 14679 ||| ZAPPING wand of teleportation (1).
 14684 | Abyss:1  | 14684 ||| EATING royal jelly.
 14689 | Abyss:1  | Found a corrupted altar of Lugonu.
 14800 | Abyss:1  | Noticed a tentacled monstrosity
 14814 | Abyss:1  | 14814 ||| INVOKING Berserk.
 14817 | Abyss:1  | Killed a tentacled monstrosity
 14822 | Abyss:1  | 14822 ||| INVOKING Trog's Hand.
 14836 | Abyss:1  | 14836 ||| INVOKING Trog's Hand.
 14854 | Abyss:1  | 14854 ||| EATING 27 fruits.
 14866 | Abyss:1  | Noticed a starcursed mass
 14874 | Abyss:1  | 14874 ||| READING 5 scrolls of teleportation.
 14878 | Abyss:1  | Gained mutation: Your large and strong wings let you fly indefinitely. [Gargoyle growth]
 14878 | Abyss:1  | Reached XP level 14. HP: 61/87 MP: 4/14
 14885 | Abyss:1  | 14885 ||| INVOKING Berserk.
 14892 | Abyss:1  | 14892 ||| EATING 26 fruits.
 14893 | Abyss:1  | 14893 ||| INVOKING Trog's Hand.
 14897 | Abyss:1  | 14897 ||| READING 4 scrolls of teleportation.
 14910 | Abyss:1  | 14910 ||| INVOKING Trog's Hand.
 14940 | Abyss:1  | 14940 ||| EATING 25 fruits.
 14941 | Abyss:1  | 14941 ||| INVOKING Fly.
 14941 | Abyss:1  | 14941 ||| FLYING.
 14951 | Abyss:1  | 14951 ||| READING 2 scrolls of enchant weapon.
 14951 | Abyss:1  | 14951 ||| ENCHANTING +4 antimagic battleaxe.
 14952 | Abyss:1  | 14952 ||| READING scroll of enchant weapon.
 14952 | Abyss:1  | 14952 ||| ENCHANTING +5 antimagic battleaxe.
 14959 | Abyss:1  | Noticed a tentacled starspawn
 14966 | Abyss:1  | Killed a tentacled starspawn
 14966 | Abyss:1  | Reached skill level 19 in Axes
 15000 | Lair:5   | Escaped the Abyss
 15010 | Lair:5   | HP: 17/87 [naga warrior/dire flail (16)]
 15011 | Lair:5   | 15011 ||| READING 3 scrolls of teleportation.
 15148 | Lair:5   | 15148 ||| EATING 24 fruits.
 15299 | Lair:5   | 15299 ||| EATING 23 fruits.
 15604 | Lair:5   | 15604 ||| INVOKING Berserk.
 15611 | Lair:5   | HP: 10/130 [lindwurm/blast of flame (23)]
 15619 | Lair:5   | HP: 10/130 [lindwurm (1)]
 15743 | Lair:5   | 15743 ||| INVOKING Berserk.
 16320 | Lair:6   | 16320 ||| STAIRDANCE
 16325 | Lair:6   | 16325 ||| STAIRDANCE
 16541 | Lair:6   | 16541 ||| INVOKING Berserk.
 16662 | Lair:6   | 16662 ||| READING scroll of enchant weapon.
 16662 | Lair:6   | 16662 ||| ENCHANTING +6 antimagic battleaxe.
 16666 | Lair:6   | 16666 ||| INVOKING Brothers in Arms.
 16668 | Lair:6   | 16668 ||| INVOKING Berserk.
 17075 | Lair:6   | 17075 ||| UPGRADING to opal ring.
 17077 | Lair:6   | 17077 ||| UPGRADING to +6 ring of dexterity.
 17079 | Lair:6   | 17079 ||| UPGRADING to ring of protection from fire.
 17081 | Lair:6   | 17081 ||| DROPPING ring of positive energy.
 17082 | Lair:6   | 17082 ||| READING 2 scrolls of identify.
 17082 | Lair:6   | 17082 ||| IDENTIFYING blue potion
 17083 | Lair:6   | 17083 ||| DROPPING potion of cancellation.
 17431 | Lair:7   | 17431 ||| INVOKING Brothers in Arms.
 17434 | Lair:7   | 17434 ||| INVOKING Brothers in Arms.
 17435 | Lair:7   | 17435 ||| INVOKING Berserk.
 18058 | Lair:7   | 18058 ||| UPGRADING to glowing plate armour.
 18068 | Lair:7   | 18068 ||| DROPPING +6 scale mail of Ucveliru {rC+ rN+}.
 18069 | Lair:7   | 18069 ||| DROPPING +0 plate armour.
 18081 | Lair:8   | Entered Level 8 of the Lair of Beasts
 18082 | Lair:8   | 18082 ||| STAIRDANCE
 18173 | Lair:8   | 18173 ||| EATING 24 fruits.
 18174 | Lair:8   | Found a staircase to the Slime Pits.
 18398 | Lair:8   | 18398 ||| INVOKING Berserk.
 18409 | Lair:8   | 18409 ||| EATING 23 fruits.
 18787 | Lair:8   | Reached skill level 20 in Axes
 18806 | Lair:8   | Reached skill level 3 in Dodging
 18884 | Lair:8   | 18884 ||| INVOKING Brothers in Arms.
 18887 | Lair:8   | 18887 ||| INVOKING Berserk.
 18913 | Lair:8   | Reached XP level 15. HP: 88/92 MP: 5/15
 18954 | Lair:8   | 18954 ||| INVOKING Brothers in Arms.
 18957 | Lair:8   | 18957 ||| INVOKING Berserk.
 19228 | Lair:8   | Reached skill level 6 in Armour
 19363 | Lair:8   | Reached skill level 6 in Dodging
 19364 | Lair:8   | Received a gift from Trog
 19375 | Lair:8   | 19375 ||| UPGRADING to glowing battleaxe {god gift}.
 19376 | Lair:8   | 19376 ||| UPGRADING to +7 antimagic battleaxe.
 19377 | Lair:8   | 19377 ||| DROPPING +3 battleaxe of venom.
 19912 | Lair:8   | 19912 ||| INVOKING Brothers in Arms.
 20005 | Lair:8   | 20005 ||| UPGRADING to encrusted ruby ring.
 20007 | Lair:8   | 20007 ||| REMOVING ring of ice.
 20008 | Lair:8   | 20008 ||| UPGRADING to +6 ring of dexterity.
 20009 | Lair:8   | 20009 ||| UPGRADING to ring of protection from cold.
 20011 | Lair:8   | 20011 ||| DRINKING 2 bubbling amethyst potions.
 20012 | Lair:8   | 20012 ||| READING 2 scrolls of identify.
 20012 | Lair:8   | 20012 ||| IDENTIFYING white potion
 20013 | Lair:8   | 20013 ||| DROPPING potion of mutation.
 20405 | D:11     | 20405 ||| EATING 25 fruits.
 20505 | D:11     | Found Wopuv's Food Shoppe.
 20518 | D:11     | Bought a meat ration for 55 gold pieces
 20518 | D:11     | Bought a meat ration for 55 gold pieces
 20518 | D:11     | Bought a meat ration for 55 gold pieces
 20518 | D:11     | Bought a meat ration for 55 gold pieces
 20518 | D:11     | Bought a meat ration for 55 gold pieces
 20518 | D:11     | Bought a meat ration for 55 gold pieces
 20518 | D:11     | Bought a bread ration for 55 gold pieces
 20518 | D:11     | Bought a beef jerky for 16 gold pieces
 20948 | D:11     | 20948 ||| INVOKING Brothers in Arms.
 20951 | D:11     | 20951 ||| INVOKING Berserk.
 21025 | D:12     | 21025 ||| STAIRDANCE
 21066 | D:12     | 21066 ||| INVOKING Trog's Hand.
 21104 | D:12     | 21104 ||| INVOKING Brothers in Arms.
 21105 | D:12     | 21105 ||| INVOKING Brothers in Arms.
 21106 | D:12     | 21106 ||| INVOKING Berserk.
 21115 | D:12     | 21115 ||| EATING 24 fruits.
 21127 | D:12     | 21127 ||| INVOKING Trog's Hand.
 21159 | D:12     | 21159 ||| INVOKING Brothers in Arms.
 21189 | D:12     | 21189 ||| INVOKING Trog's Hand.
 21192 | D:12     | 21192 ||| INVOKING Berserk.
 21239 | D:12     | 21239 ||| INVOKING Trog's Hand.
 21258 | D:12     | 21258 ||| INVOKING Berserk.
 21505 | D:12     | 21505 ||| INVOKING Berserk.
 21517 | D:12     | 21517 ||| READING 3 scrolls of teleportation.
 21522 | D:12     | 21522 ||| EATING 23 fruits.
 21552 | D:12     | 21552 ||| EATING 22 fruits.
 21569 | D:12     | 21569 ||| READING 3 scrolls of recharging.
 21569 | D:12     | 21569 ||| RECHARGING wand of teleportation (0).
 21570 | D:12     | 21570 ||| READING 2 scrolls of recharging.
 21570 | D:12     | 21570 ||| RECHARGING wand of teleportation (2).
 21659 | D:12     | Noticed Kirke
 21659 | D:12     | 21659 ||| INVOKING Trog's Hand.
 21679 | D:12     | Killed Kirke
 21812 | D:12     | 21812 ||| INVOKING Berserk.
 21837 | D:12     | 21837 ||| ZAPPING wand of teleportation (6).
 21922 | D:12     | 21922 ||| INVOKING Berserk.
 22002 | D:12     | Found a staircase to the Orcish Mines.
 22317 | D:12     | 22317 ||| READING scroll labeled MUHIXZ LUTYRAOCKEE.
 22346 | D:12     | 22346 ||| READING scroll labeled OSTEOMN NUREA.
 22347 | D:12     | 22347 ||| READING 2 scrolls of identify.
 22347 | D:12     | 22347 ||| IDENTIFYING grey potion
 22348 | D:12     | 22348 ||| DROPPING potion of lignification.
 22358 | D:12     | 22358 ||| EATING 21 fruits.
 22399 | Orc:1    | Entered Level 1 of the Orcish Mines
 22400 | Orc:1    | 22400 ||| Entered O.
 22621 | Orc:2    | 22621 ||| STAIRDANCE
 22631 | Orc:2    | 22631 ||| STAIRDANCE
 22634 | Orc:1    | Received a gift from Trog
 22642 | Orc:1    | 22642 ||| UPGRADING to runed executioner's axe {god gift}.
 22643 | Orc:1    | 22643 ||| UPGRADING to +7 antimagic battleaxe.
 22644 | Orc:1    | 22644 ||| DROPPING +5 executioner's axe.
 22655 | Orc:2    | 22655 ||| STAIRDANCE
 22668 | Orc:2    | 22668 ||| STAIRDANCE
 22845 | Orc:3    | Found a staircase to the Elven Halls.
 22845 | Orc:3    | Found Sifunwud's Antique Armour Shop.
 22846 | Orc:3    | 22846 ||| STAIRDANCE
 22862 | Orc:3    | 22862 ||| STAIRDANCE
 22878 | Orc:3    | 22878 ||| STAIRDANCE
 22896 | Orc:3    | 22896 ||| STAIRDANCE
 22923 | Orc:3    | Bought a slimy chain mail for 285 gold pieces
 22923 | Orc:3    | Bought a runed chain mail for 135 gold pieces
 23064 | Orc:3    | 23064 ||| INVOKING Berserk.
 23389 | Orc:3    | 23389 ||| UPGRADING to slimy chain mail.
 23399 | Orc:3    | Identified the +8 chain mail "Panwo" {rPois MR+} (You bought it in a shop on level 3 of the Orcish Mines)
 23399 | Orc:3    | 23399 ||| DROPPING runed chain mail.
 23400 | Orc:3    | 23400 ||| UPGRADING to shiny plate armour.
 23410 | Orc:3    | 23410 ||| UPGRADING to +2 plate armour of fire resistance.
 23420 | Orc:3    | 23420 ||| UPGRADING to +8 chain mail "Panwo" {rPois MR+}.
 23430 | Orc:3    | 23430 ||| DROPPING +1 plate armour of cold resistance.
 23431 | Orc:3    | 23431 ||| UPGRADING to ring of protection from fire.
 23445 | Orc:4    | Entered Level 4 of the Orcish Mines
 23525 | Orc:4    | 23525 ||| INVOKING Trog's Hand.
 23526 | Orc:4    | Found Neil's Gadget Shop.
 23527 | Orc:4    | Found Afogeg's Gadget Emporium.
 23527 | Orc:4    | Found Rekysul's Antique Armour Boutique.
 23527 | Orc:4    | Found Fimin's Book Emporium.
 23528 | Orc:4    | 23528 ||| INVOKING Berserk.
 23537 | Orc:4    | Reached skill level 9 in Armour
 23552 | Orc:4    | Reached skill level 9 in Dodging
 23566 | Orc:4    | Reached XP level 16. HP: 97/97 MP: 5/16
 23574 | Orc:4    | Reached ****** piety under Trog
 23814 | Orc:4    | Bought a shiny helmet for 81 gold pieces
 23814 | Orc:4    | Bought a bloodstained plate armour for 504 gold pieces
 23939 | Orc:4    | Received a gift from Trog
 23965 | Orc:4    | 23965 ||| UPGRADING to runed executioner's axe {god gift}.
 23966 | Orc:4    | 23966 ||| UPGRADING to +7 antimagic battleaxe.
 23967 | Orc:4    | 23967 ||| DROPPING +2 executioner's axe of electrocution.
 24479 | Orc:4    | 24479 ||| UPGRADING to shiny helmet.
 24489 | Orc:4    | 24489 ||| DROPPING +1 helmet.
 24490 | Orc:4    | 24490 ||| UPGRADING to bloodstained plate armour.
 24500 | Orc:4    | Identified the cursed +1 plate armour "Ivaytit" {Str+5 Int+2 Stlth-} (You bought it in a shop on level 4 of the Orcish Mines)
 24500 | Orc:4    | 24500 ||| READING 8 scrolls of remove curse.
 24501 | Orc:4    | 24501 ||| UPGRADING to +2 plate armour of fire resistance.
 24511 | Orc:4    | 24511 ||| UPGRADING to +8 chain mail "Panwo" {rPois MR+}.
 24521 | Orc:4    | 24521 ||| DROPPING +1 plate armour "Ivaytit" {Str+5 Int+2 Stlth-}.
 24630 | D:13     | 24630 ||| STAIRDANCE
 24643 | D:13     | 24643 ||| STAIRDANCE
 24865 | D:13     | Noticed Azrael
 24872 | D:13     | 24872 ||| INVOKING Berserk.
 24880 | D:13     | Killed Azrael
 25094 | D:13     | 25094 ||| INVOKING Trog's Hand.
 25267 | D:13     | 25267 ||| READING scroll of enchant armour.
 25267 | D:13     | 25267 ||| ENCHANTING +1 pair of gloves.
 25277 | D:13     | Found a gate to the Vaults.
 25334 | D:13     | 25334 ||| UPGRADING to knobbly peridot ring.
 25336 | D:13     | 25336 ||| DROPPING ring of protection from cold.
 25337 | D:13     | 25337 ||| DROPPING ring of ice.
 25338 | D:13     | 25338 ||| DROPPING +6 ring of dexterity.
 25364 | D:14     | 25364 ||| STAIRDANCE
 25788 | D:14     | Received a gift from Trog
 25801 | D:14     | 25801 ||| UPGRADING to glowing executioner's axe {god gift}.
 25802 | D:14     | 25802 ||| UPGRADING to +7 antimagic battleaxe.
 25803 | D:14     | 25803 ||| DROPPING +1 antimagic executioner's axe.
 26473 | D:14     | 26473 ||| INVOKING Brothers in Arms.
 26476 | D:14     | 26476 ||| INVOKING Berserk.
 26670 | D:14     | 26670 ||| UPGRADING to large lapis lazuli amulet.
 26672 | D:14     | 26672 ||| DROPPING amulet of resist mutation.
 26673 | D:14     | 26673 ||| DROPPING wand of random effects.
 26690 | D:15     | Entered Level 15 of the Dungeon
 26692 | D:15     | Noticed Nessos
 26692 | D:15     | 26692 ||| INVOKING Brothers in Arms.
 26696 | D:15     | 26696 ||| INVOKING Berserk.
 26696 | D:15     | Killed Nessos
 26706 | D:15     | 26706 ||| EATING 30 fruits.
 26795 | D:15     | 26795 ||| EATING 29 fruits.
 27028 | D:15     | Noticed Louise
 27030 | D:15     | 27030 ||| INVOKING Trog's Hand.
 27032 | D:15     | 27032 ||| INVOKING Brothers in Arms.
 27035 | D:15     | 27035 ||| INVOKING Berserk.
 27041 | D:15     | Killed Louise
 27484 | D:15     | 27484 ||| INVOKING Berserk.
 27544 | D:15     | Found a staircase to the Depths.
 27811 | D:15     | 27811 ||| INVOKING Trog's Hand.
 28045 | D:15     | 28045 ||| DROPPING wand of flame.
 28418 | Lair:4   | 28418 ||| UPGRADING to runed bronze ring.
 28420 | Lair:4   | 28420 ||| READING 9 scrolls of remove curse.
 28421 | Lair:4   | 28421 ||| REMOVING ring of teleportation.
 28422 | Lair:4   | 28422 ||| DROPPING ring of teleportation.
 28423 | Lair:4   | 28423 ||| UPGRADING to ring of protection from fire.
 28486 | Lair:6   | 28486 ||| STAIRDANCE
 28546 | Snake:1  | Entered Level 1 of the Snake Pit
 28547 | Snake:1  | 28547 ||| Entered P.
 28630 | Snake:1  | Received a gift from Trog
 28831 | Snake:1  | Reached XP level 17. HP: 104/104 MP: 2/17
 28846 | Snake:1  | 28846 ||| INVOKING Berserk.
 29142 | Snake:1  | Found Ovuzuivy's Antique Armour Shop.
 29148 | Snake:1  | Bought a glowing cloak for 112 gold pieces
 29322 | Snake:1  | 29322 ||| UPGRADING to glowing cloak.
 29332 | Snake:1  | 29332 ||| DROPPING +1 cloak of Weightlessness {rElec rPois rF- rN+}.
 29333 | Snake:1  | 29333 ||| UPGRADING to pair of embroidered gloves.
 29343 | Snake:1  | 29343 ||| DROPPING +2 pair of gloves.
 29344 | Snake:1  | 29344 ||| UPGRADING to +3 ring of evasion.
 29346 | Snake:1  | 29346 ||| DRINKING 2 bubbling orange potions.
 29347 | Snake:1  | 29347 ||| READING 2 scrolls of identify.
 29347 | Snake:1  | 29347 ||| IDENTIFYING amethyst potion
 29348 | Snake:1  | 29348 ||| DROPPING potion of degeneration.
 29914 | Snake:2  | Received a gift from Trog
 29958 | Snake:2  | 29958 ||| INVOKING Berserk.
 30486 | Snake:2  | Reached skill level 12 in Dodging
 30517 | Snake:2  | Reached skill level 12 in Armour
 30601 | Snake:2  | 30601 ||| EATING 31 fruits.
 30606 | Snake:2  | 30606 ||| UPGRADING to blackened diamond ring.
 30608 | Snake:2  | 30608 ||| REMOVING ring of magical power.
 30609 | Snake:2  | 30609 ||| DROPPING ring of magical power.
 30610 | Snake:2  | 30610 ||| UPGRADING to ring of protection from fire.
 30611 | Snake:2  | 30611 ||| UPGRADING to +3 ring of evasion.
 30633 | Snake:3  | Reached skill level 12 in Fighting
 30733 | Snake:3  | 30733 ||| INVOKING Berserk.
 30757 | Snake:3  | 30757 ||| EATING 30 fruits.
 30797 | Snake:3  | 30797 ||| EATING 29 fruits.
 30937 | Snake:3  | 30937 ||| INVOKING Berserk.
 30954 | Snake:3  | 30954 ||| EATING 28 fruits.
 31036 | Snake:3  | 31036 ||| EATING 27 fruits.
 31109 | Snake:3  | 31109 ||| INVOKING Berserk.
 31126 | Snake:3  | 31126 ||| EATING 26 fruits.
 31329 | Snake:3  | 31329 ||| INVOKING Berserk.
 31836 | Snake:3  | 31836 ||| EATING 25 fruits.
 31920 | Snake:3  | 31920 ||| READING 6 scrolls of identify.
 31920 | Snake:3  | 31920 ||| IDENTIFYING glowing coppery potion
 31959 | Snake:4  | Entered Level 4 of the Snake Pit
 31964 | Snake:4  | 31964 ||| INVOKING Berserk.
 32006 | Snake:4  | 32006 ||| ZAPPING wand of teleportation (5).
 32010 | Snake:4  | 32010 ||| EATING 24 fruits.
 32028 | Snake:4  | Reached XP level 18. HP: 72/113 MP: 6/18
 32030 | Snake:4  | Received a gift from Trog
 32031 | Snake:4  | 32031 ||| EATING 23 fruits.
 32040 | Snake:4  | 32040 ||| INVOKING Brothers in Arms.
 32045 | Snake:4  | HP: 28/113 [something (6)]
 32047 | Snake:4  | 32047 ||| DRINKING 3 potions of heal wounds.
 32051 | Snake:4  | HP: 27/113 [greater naga (12)]
 32052 | Snake:4  | 32052 ||| DRINKING 2 potions of heal wounds.
 32056 | Snake:4  | 32056 ||| DRINKING potion of heal wounds.
 32057 | Snake:4  | 32057 ||| INVOKING Berserk.
 32063 | Snake:4  | HP: 37/171 [greater naga/poison arrow (7)]
 32087 | Snake:4  | 32087 ||| ZAPPING wand of teleportation (4).
 32092 | Snake:4  | 32092 ||| ZAPPING wand of teleportation (3).
 32092 | Snake:4  | HP: 27/114 [mana viper (6)]
 32095 | Snake:4  | 32095 ||| ZAPPING wand of teleportation (2).
 32099 | Snake:4  | 32099 ||| ZAPPING wand of teleportation (1).
 32103 | Snake:4  | 32103 ||| READING 4 scrolls of teleportation.
 32107 | Snake:4  | 32107 ||| READING 3 scrolls of teleportation.
 32110 | Snake:4  | 32110 ||| READING 2 scrolls of teleportation.
 32113 | Snake:4  | 32113 ||| READING scroll of teleportation.
 32115 | Snake:4  | 32115 ||| EATING 22 fruits.
 32124 | Snake:4  | 32124 ||| EATING 21 fruits.
 32175 | Snake:4  | 32175 ||| INVOKING Berserk.
 32192 | Snake:4  | 32192 ||| EATING 20 fruits.
 32218 | Snake:4  | 32218 ||| READING scroll of recharging.
 32218 | Snake:4  | 32218 ||| RECHARGING wand of teleportation (0).
 32221 | Snake:4  | Got an encrusted executioner's axe {god gift}
 32222 | Snake:4  | 32222 ||| UPGRADING to encrusted executioner's axe {god gift}.
 32222 | Snake:4  | Identified the +4 executioner's axe "Doublool" {chop, rC+ Str+3} (Trog gifted it to you on level 4 of the Snake Pit)
 32320 | Snake:4  | Received a gift from Trog
 32328 | Snake:4  | 32328 ||| INVOKING Berserk.
 32341 | Snake:4  | 32341 ||| EATING 19 fruits.
 32351 | Snake:4  | 32351 ||| ZAPPING wand of teleportation (5).
 32435 | Snake:4  | Got a vibrating marble ring
 32496 | Snake:4  | 32496 ||| INVOKING Berserk.
 32505 | Snake:4  | 32505 ||| EATING 18 fruits.
 32508 | Snake:4  | 32508 ||| EATING 17 fruits.
 32530 | Snake:4  | 32530 ||| ZAPPING wand of teleportation (4).
 32567 | Snake:4  | 32567 ||| INVOKING Berserk.
 32582 | Snake:4  | 32582 ||| EATING 16 fruits.
 32664 | Snake:4  | 32664 ||| EATING 15 fruits.
 32675 | Snake:4  | 32675 ||| INVOKING Berserk.
 32685 | Snake:4  | 32685 ||| EATING 14 fruits.
 32759 | Snake:4  | 32759 ||| INVOKING Berserk.
 32784 | Snake:4  | 32784 ||| ZAPPING wand of teleportation (3).
 32797 | Snake:4  | 32797 ||| EATING 13 fruits.
 32798 | Snake:4  | 32798 ||| EATING 12 fruits.
 32841 | Snake:4  | Got a serpentine rune of Zot
 33063 | Snake:4  | 33063 ||| INVOKING Berserk.
 33156 | Snake:4  | 33156 ||| UPGRADING to vibrating marble ring.
 33157 | Snake:4  | Identified the ring "Teeruomehi" {Wiz rElec Dex+2 Slay-3} (You found it on level 4 of the Snake Pit)
 33158 | Snake:4  | 33158 ||| REMOVING ring "Teeruomehi" {Wiz rElec Dex+2 Slay-3}.
 33159 | Snake:4  | 33159 ||| DROPPING ring "Teeruomehi" {Wiz rElec Dex+2 Slay-3}.
 33160 | Snake:4  | 33160 ||| UPGRADING to ring of protection from fire.
 33161 | Snake:4  | 33161 ||| UPGRADING to +3 ring of evasion.
 33163 | Snake:4  | 33163 ||| DROPPING wand of paralysis.
 33192 | Snake:4  | 33192 ||| INVOKING Berserk.
 33201 | Snake:4  | 33201 ||| EATING 11 fruits.
 33319 | Snake:1  | 33319 ||| EATING 10 fruits.
 33571 | Vaults:1 | Entered Level 1 of the Vaults
 33572 | Vaults:1 | 33572 ||| Entered V.
 33638 | Vaults:1 | Received a gift from Trog
 33648 | Vaults:1 | 33648 ||| UPGRADING to runed battleaxe {god gift}.
 33649 | Vaults:1 | 33649 ||| UPGRADING to +4 executioner's axe "Doublool" {chop, rC+ Str+3}.
 33650 | Vaults:1 | 33650 ||| DROPPING +4 antimagic battleaxe.
 33684 | Vaults:1 | Reached skill level 21 in Axes
 33854 | Vaults:1 | 33854 ||| INVOKING Brothers in Arms.
 33855 | Vaults:1 | 33855 ||| INVOKING Berserk.
 34094 | Vaults:1 | 34094 ||| INVOKING Trog's Hand.
 34139 | Vaults:1 | Reached XP level 19. HP: 119/119 MP: 19/19
 34260 | Vaults:1 | 34260 ||| INVOKING Trog's Hand.
 34262 | Vaults:1 | Received a gift from Trog
 34276 | Vaults:1 | 34276 ||| UPGRADING to runed battleaxe {god gift}.
 34277 | Vaults:1 | 34277 ||| UPGRADING to +4 executioner's axe "Doublool" {chop, rC+ Str+3}.
 34278 | Vaults:1 | 34278 ||| DROPPING +2 battleaxe of electrocution.
 34395 | Vaults:1 | 34395 ||| INVOKING Trog's Hand.
 34400 | Vaults:1 | 34400 ||| INVOKING Berserk.
 34671 | Vaults:1 | 34671 ||| UPGRADING to ring of protection.
 34673 | Vaults:1 | 34673 ||| UPGRADING to ring of protection from fire.
 34675 | Vaults:1 | 34675 ||| UPGRADING to +3 ring of evasion.
 34677 | Vaults:1 | 34677 ||| DROPPING +1 ring of protection.
 34685 | Vaults:2 | 34685 ||| INVOKING Trog's Hand.
 34770 | Vaults:2 | 34770 ||| INVOKING Trog's Hand.
 34795 | Vaults:2 | 34795 ||| INVOKING Berserk.
 34916 | Vaults:2 | 34916 ||| INVOKING Trog's Hand.
 34946 | Vaults:2 | 34946 ||| INVOKING Berserk.
 35061 | Vaults:2 | 35061 ||| INVOKING Trog's Hand.
 35069 | Vaults:2 | Reached skill level 22 in Axes
 35161 | Vaults:2 | 35161 ||| INVOKING Trog's Hand.
 35164 | Vaults:2 | 35164 ||| DRINKING 14 potions of curing.
 35164 | Vaults:2 | 35164 ||| (to cure confusion)
 35166 | Vaults:2 | 35166 ||| DRINKING 13 potions of curing.
 35166 | Vaults:2 | 35166 ||| (to cure confusion)
 35177 | Vaults:2 | Received a gift from Trog
 35261 | Vaults:2 | 35261 ||| UPGRADING to glowing battleaxe {god gift}.
 35262 | Vaults:2 | 35262 ||| UPGRADING to +4 executioner's axe "Doublool" {chop, rC+ Str+3}.
 35263 | Vaults:2 | 35263 ||| DROPPING +3 battleaxe of electrocution.
 35761 | Vaults:2 | 35761 ||| Stepping ~*~*~tactically~*~*~ (cloud).
 35762 | Vaults:2 | 35762 ||| UPGRADING to shiny plate armour.
 35767 | Vaults:2 | 35767 ||| INVOKING Berserk.
 35836 | Vaults:2 | 35836 ||| UPGRADING to +2 plate armour of fire resistance.
 35841 | Vaults:2 | 35841 ||| UPGRADING to shiny plate armour.
 35875 | Vaults:2 | Received a gift from Trog
 35890 | Vaults:2 | 35890 ||| INVOKING Berserk.
 35902 | Vaults:2 | 35902 ||| ZAPPING wand of teleportation (2).
 35968 | Vaults:2 | 35968 ||| UPGRADING to +2 plate armour of fire resistance.
 35978 | Vaults:2 | 35978 ||| DROPPING +3 plate armour.
 35979 | Vaults:2 | 35979 ||| UPGRADING to glowing plate armour.
 35989 | Vaults:2 | 35989 ||| UPGRADING to +2 plate armour of fire resistance.
 35999 | Vaults:2 | 35999 ||| DROPPING +10 plate armour of ponderousness.
 36000 | Vaults:2 | 36000 ||| UPGRADING to glowing cloak.
 36010 | Vaults:2 | 36010 ||| UPGRADING to +8 chain mail "Panwo" {rPois MR+}.
 36020 | Vaults:2 | 36020 ||| UPGRADING to +2 cloak.
 36030 | Vaults:2 | 36030 ||| DROPPING +1 cloak of poison resistance.
 36058 | Vaults:2 | 36058 ||| INVOKING Trog's Hand.
 36306 | Vaults:2 | 36306 ||| INVOKING Berserk.
 36382 | Vaults:2 | 36382 ||| READING 7 scrolls of identify.
 36382 | Vaults:2 | 36382 ||| IDENTIFYING purple potion
 36383 | Vaults:2 | 36383 ||| DROPPING potion of invisibility.
 36419 | Vaults:3 | Found Vuilaunk's Assorted Antiques.
 36433 | Vaults:3 | Bought a scroll of identify for 62 gold pieces
 36433 | Vaults:3 | Bought a scroll of identify for 62 gold pieces
 36507 | Vaults:3 | Reached XP level 20. HP: 124/124 MP: 20/20
 36528 | Vaults:3 | Found Abbe Suo's Distillery.
 36549 | Vaults:3 | Bought a potion of curing for 33 gold pieces
 36549 | Vaults:3 | Bought a potion of might for 44 gold pieces
 36549 | Vaults:3 | Bought a potion of cure mutation for 385 gold pieces
 36549 | Vaults:3 | Bought a potion of might for 44 gold pieces
 36549 | Vaults:3 | Bought a potion of heal wounds for 55 gold pieces
 36549 | Vaults:3 | Bought 2 potions of curing for 66 gold pieces
 36565 | Vaults:3 | 36565 ||| INVOKING Trog's Hand.
 36566 | Vaults:3 | Reached skill level 23 in Axes
 36663 | Vaults:3 | Found Xexuraat's Food Shop.
 36669 | Vaults:3 | Bought a beef jerky for 19 gold pieces
 36669 | Vaults:3 | Bought a bread ration for 65 gold pieces
 36669 | Vaults:3 | Bought a meat ration for 65 gold pieces
 36669 | Vaults:3 | Bought a bread ration for 65 gold pieces
 36669 | Vaults:3 | Bought a meat ration for 65 gold pieces
 36669 | Vaults:3 | Bought a beef jerky for 19 gold pieces
 36669 | Vaults:3 | Bought a bread ration for 65 gold pieces
 36669 | Vaults:3 | Bought a slice of pizza for 19 gold pieces
 36669 | Vaults:3 | Bought a meat ration for 65 gold pieces
 36669 | Vaults:3 | Bought a bread ration for 65 gold pieces
 36669 | Vaults:3 | Bought 5 fruits for 97 gold pieces
 36669 | Vaults:3 | Bought a bread ration for 65 gold pieces
 36720 | Vaults:3 | Found Modghaal's Weapon Emporium.
 36936 | Vaults:3 | 36936 ||| INVOKING Trog's Hand.
 36938 | Vaults:3 | Received a gift from Trog
 36965 | Vaults:3 | 36965 ||| UPGRADING to glowing battleaxe {god gift}.
 36966 | Vaults:3 | 36966 ||| UPGRADING to +4 executioner's axe "Doublool" {chop, rC+ Str+3}.
 36967 | Vaults:3 | 36967 ||| DROPPING +5 antimagic battleaxe.
 37086 | Vaults:3 | 37086 ||| INVOKING Trog's Hand.
 37231 | Vaults:3 | 37231 ||| INVOKING Trog's Hand.
 37402 | Vaults:3 | Found a staircase to the Crypt.
 37701 | Vaults:3 | 37701 ||| UPGRADING to granite ring.
 37703 | Vaults:3 | 37703 ||| DRINKING 2 bubbling cyan potions.
 37704 | Vaults:3 | 37704 ||| DROPPING potion of magic.
 37738 | Vaults:4 | Found a portal to a secret trove of treasure.
 37795 | Vaults:4 | 37795 ||| INVOKING Trog's Hand.
 37904 | Vaults:4 | 37904 ||| INVOKING Trog's Hand.
 38269 | Vaults:4 | 38269 ||| INVOKING Trog's Hand.
 38543 | Vaults:4 | 38543 ||| INVOKING Trog's Hand.
 38544 | Vaults:4 | 38544 ||| INVOKING Berserk.
 38560 | Vaults:4 | 38560 ||| EATING 14 fruits.
 38623 | Vaults:4 | 38623 ||| INVOKING Trog's Hand.
 38642 | Vaults:4 | Received a gift from Trog
 38725 | Vaults:4 | 38725 ||| UPGRADING to ring of evasion.
 38727 | Vaults:4 | 38727 ||| DROPPING +3 ring of evasion.
 38728 | Vaults:4 | 38728 ||| UPGRADING to ring of see invisible.
 38730 | Vaults:4 | 38730 ||| READING scroll labeled KEUKEU QOOBEMA.
 39204 | Swamp:1  | Entered Level 1 of the Swamp
 39205 | Swamp:1  | 39205 ||| Entered S.
 39211 | Swamp:1  | 39211 ||| STAIRDANCE
 39266 | Swamp:1  | 39266 ||| Stepping randomly (disturbance).
 39268 | Swamp:1  | 39268 ||| Stepping randomly (disturbance).
 39269 | Swamp:1  | 39269 ||| Stepping randomly (disturbance).
 39270 | Swamp:1  | 39270 ||| Stepping randomly (disturbance).
 39349 | Swamp:1  | Reached skill level 24 in Axes
 39380 | Swamp:1  | 39380 ||| Stepping randomly (disturbance).
 39588 | Swamp:1  | 39588 ||| DROPPING wand of polymorph.
 39589 | Swamp:1  | 39589 ||| DROPPING wand of disintegration.
 39640 | Swamp:2  | 39640 ||| READING scroll of recharging.
 39640 | Swamp:2  | 39640 ||| RECHARGING wand of teleportation (1).
 40040 | Swamp:2  | 40040 ||| Stepping randomly (disturbance).
 40207 | Swamp:3  | 40207 ||| STAIRDANCE
 40392 | Swamp:3  | Found a sacrificial altar of Ru.
 40443 | Swamp:3  | 40443 ||| ZAPPING wand of teleportation (7).
 40444 | Swamp:3  | 40444 ||| Stepping randomly (stuck).
 40445 | Swamp:3  | 40445 ||| Stepping ~*~*~tactically~*~*~ (cloud).
 40545 | Swamp:3  | 40545 ||| Stepping ~*~*~tactically~*~*~ (cloud).
 40573 | Swamp:3  | 40573 ||| EATING 13 fruits.
 40868 | Swamp:3  | 40868 ||| Stepping ~*~*~tactically~*~*~ (cloud).
 40910 | Swamp:3  | 40910 ||| Stepping randomly (disturbance).
 40912 | Swamp:3  | 40912 ||| Stepping randomly (disturbance).
 40914 | Swamp:3  | 40914 ||| Stepping randomly (disturbance).
 40916 | Swamp:3  | 40916 ||| Stepping randomly (disturbance).
 41048 | Swamp:4  | Entered Level 4 of the Swamp
 41122 | Swamp:4  | 41122 ||| EATING 12 fruits.
 41179 | Swamp:4  | 41179 ||| Stepping ~*~*~tactically~*~*~ (cloud).
 41189 | Swamp:4  | Received a gift from Trog
 41201 | Swamp:4  | 41201 ||| INVOKING Berserk.
 41214 | Swamp:4  | Reached XP level 21. HP: 92/129 MP: 21/21
 41227 | Swamp:4  | 41227 ||| ZAPPING wand of teleportation (6).
 41245 | Swamp:4  | HP: 32/129 [thorn hunter/volley of thorns (35)]
 41246 | Swamp:4  | 41246 ||| ZAPPING wand of teleportation (5).
 41252 | Swamp:4  | 41252 ||| EATING 11 fruits.
 41256 | Swamp:4  | 41256 ||| INVOKING Brothers in Arms.
 41259 | Swamp:4  | 41259 ||| EATING 10 fruits.
 41508 | Swamp:4  | 41508 ||| INVOKING Fly.
 41508 | Swamp:4  | 41508 ||| FLYING.
 41603 | Swamp:4  | Got a decaying rune of Zot
 41760 | Swamp:4  | 41760 ||| EATING 13 fruits.
 41781 | Swamp:4  | 41781 ||| Stepping randomly (disturbance).
 42174 | Depths:1 | Entered Level 1 of the Depths
 42175 | Depths:1 | 42175 ||| Entered U.
 42178 | Depths:1 | 42178 ||| STAIRDANCE
 42193 | Depths:1 | 42193 ||| INVOKING Trog's Hand.
 42225 | Depths:1 | Found a gateway to Hell.
 42269 | Depths:1 | 42269 ||| INVOKING Trog's Hand.
 42285 | Depths:1 | Reached skill level 25 in Axes
 42290 | Depths:1 | 42290 ||| EATING 15 fruits.
 42367 | Depths:1 | Received a gift from Trog
 42378 | Depths:1 | 42378 ||| UPGRADING to runed battleaxe {god gift}.
 42379 | Depths:1 | 42379 ||| UPGRADING to +7 antimagic battleaxe.
 42380 | Depths:1 | 42380 ||| DROPPING +3 antimagic battleaxe.
 42381 | Depths:1 | 42381 ||| UPGRADING to +4 executioner's axe "Doublool" {chop, rC+ Str+3}.
 42478 | Depths:1 | 42478 ||| INVOKING Brothers in Arms.
 42577 | Depths:1 | Noticed Duffy's ghost (adept MfSu)
 42577 | Depths:1 | 42577 ||| INVOKING Brothers in Arms.
 42578 | Depths:1 | 42578 ||| INVOKING Berserk.
 42589 | Depths:1 | Killed Duffy's ghost
 42766 | Depths:2 | Found Luinu's Weapon Emporium.
 42795 | Depths:2 | Noticed Aizul
 42795 | Depths:2 | 42795 ||| INVOKING Trog's Hand.
 42822 | Depths:2 | Killed Aizul
 42825 | Depths:2 | 42825 ||| INVOKING Trog's Hand.
 42932 | Depths:2 | 42932 ||| INVOKING Trog's Hand.
 42989 | Depths:2 | Found a magical portal.
 43152 | Depths:2 | Noticed Nikola
 43169 | Depths:2 | 43169 ||| INVOKING Berserk.
 43177 | Depths:2 | Killed Nikola
 43181 | Depths:2 | Found a one-way gate to the infinite horrors of the Abyss.
 43183 | Depths:2 | 43183 ||| ZAPPING wand of teleportation (4).
 43183 | Depths:2 | HP: 29/129 [red ugly thing (14)]
 43184 | Depths:2 | 43184 ||| DRINKING 4 potions of heal wounds.
 43235 | Depths:2 | 43235 ||| EATING 14 fruits.
 43364 | Depths:2 | Noticed a juggernaut
 43365 | Depths:2 | Noticed a golden dragon
 43367 | Depths:2 | 43367 ||| INVOKING Berserk.
 43373 | Depths:2 | Received a gift from Trog
 43375 | Depths:2 | Killed a juggernaut
 43381 | Depths:2 | Killed a golden dragon
 43614 | Depths:2 | Found a shimmering altar of Xom.
 43763 | Depths:2 | Reached XP level 22. HP: 98/135 MP: 22/22
 43825 | Depths:2 | 43825 ||| UPGRADING to pair of embroidered gloves.
 43835 | Depths:2 | 43835 ||| UPGRADING to +2 pair of gloves.
 43845 | Depths:2 | 43845 ||| DROPPING +1 pair of gloves.
 43872 | Depths:3 | Reached skill level 26 in Axes
 44028 | Depths:3 | 44028 ||| READING scroll of recharging.
 44028 | Depths:3 | 44028 ||| RECHARGING wand of teleportation (3).
 44051 | Depths:3 | 44051 ||| ZAPPING wand of teleportation (8).
 44054 | Depths:3 | Found a one-way gate leading to the halls of Pandemonium.
 44407 | Depths:3 | 44407 ||| STAIRDANCE
 44445 | Depths:3 | Noticed Jorgrun
 44446 | Depths:3 | Found a glowing golden altar of the Shining One.
 44446 | Depths:3 | Noticed Xtahua
 44449 | Depths:3 | 44449 ||| DRINKING potion of resistance.
 44537 | Depths:3 | Killed Jorgrun
 44568 | Depths:3 | 44568 ||| INVOKING Berserk.
 44571 | Depths:3 | Killed Xtahua
 44939 | Depths:3 | 44939 ||| UPGRADING to square steel amulet.
 44941 | Depths:3 | 44941 ||| DROPPING amulet of regeneration.
 44957 | Depths:4 | 44957 ||| INVOKING Trog's Hand.
 44958 | Depths:4 | 44958 ||| INVOKING Brothers in Arms.
 44962 | Depths:4 | 44962 ||| INVOKING Brothers in Arms.
 44966 | Depths:4 | Received a gift from Trog
 44996 | Depths:4 | 44996 ||| EATING 13 fruits.
 45068 | Depths:4 | 45068 ||| EATING 12 fruits.
 45232 | Depths:4 | 45232 ||| UPGRADING to glowing battleaxe {god gift}.
 45233 | Depths:4 | 45233 ||| UPGRADING to +7 antimagic battleaxe.
 45234 | Depths:4 | 45234 ||| DROPPING +3 battleaxe of venom.
 45235 | Depths:4 | 45235 ||| UPGRADING to +4 executioner's axe "Doublool" {chop, rC+ Str+3}.
 45264 | Depths:4 | Found a blossoming altar of Fedhas.
 45265 | Depths:4 | 45265 ||| INVOKING Brothers in Arms.
 45267 | Depths:4 | 45267 ||| INVOKING Brothers in Arms.
 45271 | Depths:4 | 45271 ||| INVOKING Brothers in Arms.
 45273 | Depths:4 | 45273 ||| INVOKING Brothers in Arms.
 45275 | Depths:4 | 45275 ||| INVOKING Brothers in Arms.
 45276 | Depths:4 | 45276 ||| INVOKING Berserk.
 45290 | Depths:4 | HP: 33/205 [frost giant/battleaxe of freezing (21)]
 45294 | Depths:4 | HP: 9/205 [yaktaur/bolt of flame (23)]
 45299 | Depths:4 | HP: 5/205 [green ugly thing (2)]
 45308 | Depths:4 | Mangled by a white very ugly thing

Vault maps used:
D:1:      erik_arrival_blinker_ship, hangedman_decor_lopped
D:3:      first_bread
D:4:      lemuel_round_altar, fiery_altar_vehumet
D:5:      old_standard_altar, minmay_misc_feat_square, uniq_eustachio
D:7:      lemuel_crystal_altar, minmay_temple_entry_statues_fountains
D:8:      gammafunk_temple_overflow_statue, grunt_temple_overflow_open
D:9:      elyvilon_altar_3, serial_shops, shop
D:11:     david_lair_generic, serial_shops, nicolae_shop_statue_plus,
          portal_ice_cave_entry_imps, lab_entry_generic,
          serial_co_window_serial, co_window_paths_a,
          co_window_of_opportunity_a, co_window_of_opportunity_a,
          co_window_paths_b, co_window_corner_a, co_window_2corner,
          co_window_unsneaky_path_e, co_window_broadway_c,
          co_window_unsneaky_path_e, co_window_paths_c, co_window_corner_b,
          co_window_of_opportunity_b, co_window_4corner_a, hangedman_stone_soup,
          grunt_ministairs_10
D:12:     minmay_smoke_and_mirrors, david_orc_1_choice, due_unseen_surprise,
          uniq_kirke
D:13:     grunt_vaults_entry_fortified, uniq_azrael
D:15:     grunt_enter_depths_hoard, small_statue_intersection, uniq_louise,
          uniq_nessos
Lair:1:   serial_bayou, serial_bayou_shore_a, serial_bayou_pond_c,
          serial_bayou_pond_c, serial_bayou_pond_b, uniq_joseph, uniq_erica
Lair:2:   basic_altar, nicolae_volcano_entry_hallway, st_stairs_11,
          beast_lair_carwin_3, grunt_megastairs_3, uniq_urug
Lair:3:   grunt_forest_small_clearings, uniq_sonja, uniq_rupert
Lair:4:   statuecave_lemuel, minmay_swamp_entry_worms, serial_bayou_pond_e,
          serial_bayou_shore_b, lemuel_fruit_fields
Lair:5:   minmay_snake_entry_guardpost_large, minmay_lindwurm_lava
Lair:6:   patterned_corridor, grunt_megastairs_2, serial_bayou_shore_b
Lair:8:   minmay_lair_end_frog_pond, minmay_slime_entry_jelly_boxes,
          serial_bayou_shore_b, infiniplex_staircase_pool_2
Swamp:1:  evilmike_swamp_ruin_house_4
Swamp:2:  evilmike_swamp_ruin_house_1
Swamp:3:  nicolae_swamp_fairy_circle, swamp_pool4, nicolae_swamp_godswood,
          hangedman_swamp_blocks
Swamp:4:  swamp_alternative
Snake:1:  serial_shops, shop, serial_bayou_lagoon_b
Snake:3:  serial_bayou_ford_a, st_stairs_14
Snake:4:  grunt_snake_rune_pools
Orc:2:    amalloy_card_club
Orc:3:    serial_shops, nicolae_shop_overgrown_old_shop, nicolae_orc_pool_cavern
Orc:4:    st_orc_ogre_mass
Vaults:1: v_alt_pattern_4, kb_rosetta, vaults_mumra_hexcomb,
          hangedman_vaults_stagger, grunt_vaults_hallway_short,
          hangedman_vaults_locks, nicolae_vaults_diagonal_hallway_7,
          nicolae_vaults_theta, v_misc_15, vaults_room_stairs_pillars, v_misc_4,
          vaults_room_grid, ontoclasm_vaults_hangar, vaults_room_pool,
          serial_glass
Vaults:2: v_misc_25, vaults_room_large_hall, nicolae_vaults_quartermaster,
          dpeg_vaults_monster_box, nicolae_vaults_theta,
          vaults_standard_mumra_lines, v_misc_9, vaults_dpeg_hooks,
          hangedman_vaults_trim
Vaults:3: blue_anna_dwarven_crypt, dpeg_vaults_monster_row,
          hangedman_vaults_capsules, hangedman_vaults_stretched_pinwheel,
          grunt_vaults_funnel, ontoclasm_vaults_ring_small, vaults_room_corners,
          vaults_mumra_lcd, vaults_dpeg_encased_lava, nicolae_vaults_alarming,
          serial_shops, shop, shop_statue, nicolae_shop_stone, shop
Vaults:4: ontoclasm_vaults_ring_square, hangedman_vaults_stream,
          v_alt_pattern_4, hangedman_vaults_pinch, ontoclasm_vaults_ring_large,
          v_alt_pattern_6, hangedman_vaults_cutoff, hangedman_vaults_unwind,
          vaults_room_large_hall, nicolae_vaults_diagonal_hallway_8,
          ontoclasm_vaults_loading_screen, nicolae_vaults_yaktaur_gun_rack,
          v_misc_25, nicolae_trove_entry_free_sample
Depths:1: pf_vacation_house_of_asmodeus, eino_curves_03,
          kilobyte_mutagenic_chamber
Depths:2: kennysheep_big_flooded_room, serial_shops, shop, abyss_entry,
          mu_enter_wizlab_4, hell_entry, tgw_xom, infiniplex_staircase_squiggle,
          uniq_nikola, uniq_aizul
Depths:3: grated_community_mu, abyss_entry_crystal,
          hangedman_abyss_or_decor_jellyfish_corner, grunt_mini_vestibule,
          rand_demon_pan_entry_8, tso_metal_star, uniq_jorgrun, uniq_xtahua
Depths:4: nicolae_whirlpool, abyss_entry, hell_entry, basic_altar,
          evilmike_butchery, minmay_staircase_statues

Action                   |  1- 3 |  4- 6 |  7- 9 | 10-12 | 13-15 | 16-18 | 19-21 | 22-24 || total
-------------------------+-------+-------+-------+-------+-------+-------+-------+-------++-------
Melee: Hand axe          |   132 |   311 |   521 |    86 |       |       |       |       ||  1050
       Executioner's axe |       |       |       |   368 |    21 |   273 |  1481 |   283 ||  2426
       Battleaxe         |       |       |       |     6 |  1052 |  1103 |       |       ||  2161
Throw: Javelin           |       |       |       |    40 |    89 |       |       |       ||   129
       Tomahawk          |       |       |       |    21 |    26 |       |       |       ||    47
Invok: Berserk           |     1 |     2 |     5 |    21 |    26 |    22 |    11 |     2 ||    90
       Brothers in Arms  |       |       |       |     3 |    14 |     5 |     3 |     7 ||    32
       Trog's Hand       |       |       |       |       |    12 |     4 |    22 |     1 ||    39
 Abil: Fly               |       |       |       |       |     1 |       |     1 |       ||     2
Evoke: Wand              |       |       |       |     3 |     2 |     8 |     5 |     1 ||    19
  Use: Scroll            |     2 |     7 |     8 |     8 |    19 |    10 |     3 |     1 ||    58
       Potion            |       |       |     3 |     2 |     2 |     4 |     4 |     1 ||    16
 Stab: Distracted        |       |       |       |       |       |     1 |     1 |       ||     2
  Eat: Chunk             |     2 |     7 |    15 |    24 |    52 |    41 |    40 |     5 ||   186
       Royal jelly       |       |     1 |     1 |     1 |     1 |       |       |       ||     4
       Bread ration      |       |       |       |     1 |       |       |       |       ||     1
       Fruit             |       |       |       |     2 |    12 |    24 |     8 |     2 ||    48
       Meat ration       |       |       |       |     3 |       |       |       |       ||     3
